 Dungeon Crawl Stone Soup version 0.21-a0-426-g98080a9 (webtiles) character file.

25 slep the Covered (level 3, -4/30 HPs)
             Began as a Barachi Fighter on Nov 6, 2017.
             Slain by Sigmund
             ... wielding a +0 scythe
              (11 damage)
             ... on level 2 of the Dungeon.
             The game lasted 00:04:48 (709 turns).

slep the Covered (Barachi Fighter)                   Turns: 709, Time: 00:04:49

Health: -4/30      AC:  7    Str: 17    XL:     3   Next: 6%
Magic:  3/3        EV:  7    Int:  8    God:
Gold:   56         SH:  9    Dex: 12    Spells: 2/2 levels left

rFire    . . .     SeeInvis .   a - +0 long sword
rCold    . . .     Gourm    .   c - +0 shield
rNeg     . . .     Faith    .   b - +0 scale mail
rPois    .         Spirit   .   (no helmet)
rElec    .         Reflect  .   (no cloak)
rCorr    .         Harm     .   (no gloves)
MR       .....                  (no boots)
Stlth    ..........             (no amulet)
HPRegen  0.10/turn              (no ring)
MPRegen  0.08/turn              (no ring)

@: slow
A: +LOS, swims, slowness 1, strong legs 1
a: Hop


You were on level 2 of the Dungeon.
You were not hungry.

You visited 1 branch of the dungeon, and saw 2 of its levels.

You collected 56 gold pieces.

Inventory:

Hand Weapons
 a - a +0 long sword (weapon)
Armour
 b - a +0 scale mail (worn)
 c - a +0 shield (worn)
Scrolls
 g - a scroll of teleportation {unknown}
 h - a scroll of identify {unknown}
 i - 3 scrolls of amnesia {unknown}
 k - a scroll of magic mapping {unknown}
 l - a scroll of enchant weapon {unknown}
 m - a scroll of remove curse {unknown}
 p - a scroll of fear {unknown}
Potions
 d - 2 potions of might
 e - a potion of agility {unknown}
 n - a potion of magic {unknown}
Comestibles
 f - a bread ration
 j - 2 meat rations
 o - 2 chunks of flesh


   Skills:
 + Level 3.9 Fighting
 + Level 2.8 Long Blades
 + Level 4.1 Armour
 + Level 0.2 Dodging
 + Level 3.7 Shields


You had 2 spell levels left.
You didn't know any spells.

Dungeon Overview and Level Annotations

Branches:
Dungeon (2/15)

Altars:

Annotations:
D:2 Sigmund


Innate Abilities, Weirdness & Mutations

Shadows flee at your approach. (+LOS)
You can swim through water.
You cover ground slowly.
You can hop short distances.


Message History

p - a scroll labeled PAPSOH ETOTUIMAP Sigmund is suddenly surrounded by pale green light.
Sigmund asks, "Do you like me?"
Sigmund points at you and mumbles some strange words.
You resist with significant effort.
Sigmund mumbles some strange words.
Sigmund flickers and vanishes!
Deactivating autopickup; reactivate with Ctrl-A.
You bump into the rock wall.
Something hits you.
You feel less confused. Something hits you!
You hit something. Something hits you but does no damage.
You completely miss something. You block something's attack.
Your shield and scale mail prevent you from hitting something.
You block something's attack.
You closely miss something. Something hits you!
* * * LOW HITPOINT WARNING * * *
You hit something. Something hits you but does no damage.
You barely miss something. Something hits you!
You die...

#.#.# #...#
..<#####.#.#######.##
.........#..(#.......
##.###.#.###.#.
#........# #...
#.####.### #### #.#
#.# #.#.#####.# #.#
#....{@...####.#
###.###........#
#.######.# #.# ###
..# ##.# ###


There were no monsters in sight!

Vanquished Creatures
  2 dart slugs (D:1)
  2 bats (D:1)
  A giant cockroach (D:1)
  3 goblins (D:1)
  5 hobgoblins
  A frilled lizard (D:1)
  4 kobolds (D:1)
  A rat (D:1)
19 creatures vanquished.

Notes
Turn   | Place    | Note
-------+----------+-------------------------------------------
     0 | D:1      | slep the Barachi Fighter began the quest for the Orb.
     0 | D:1      | Reached XP level 1. HP: 18/18 MP: 1/1
    58 | D:1      | Reached XP level 2. HP: 22/25 MP: 2/2
   115 | D:1      | Reached skill level 4 in Armour
   496 | D:1      | Reached XP level 3. HP: 24/30 MP: 3/3
   696 | D:2      | Noticed Sigmund
   709 | D:2      | Slain by Sigmund

Vault maps used:
D:1:      dpeg_arrival_rhombi
D:2:      uniq_sigmund

Skill      XL: |  1  2 |
---------------+-------+-----
Armour         | 4 |  4.1
Fighting       | |  3.9
Long Blades    | |  2.8
Dodging        | |  0.2
Shields        | |  3.7

Action                   || total
-------------------------++-------
Melee: Long sword        ||    83
Armor: Scale mail        ||    33
Dodge: Dodged            ||    21
Block: Shield            ||    41
       Rpst.: Long sword ||     9

Table legend:
 A = Spawn XP
 B = Non-spawn XP
 C = Spawn XP percentage of total XP
 D = Spawn monster count
 E = Non-spawn monster count
 F = Spawn count percentage of total count
 G = Total turns spent on level
                    A         B        C        D         E        F      G
               +---------+---------+-------+---------+---------+-------+---------
         Total |       0 |      37 |   0.0 |       0 |      19 |   0.0 |   709
               +---------+---------+-------+---------+---------+-------+---------
           D:1 |       0 |      35 |   0.0 |       0 |      18 |   0.0 |   651
           D:2 |       0 |       2 |   0.0 |       0 |       1 |   0.0 |    58
               +---------+---------+-------+---------+---------+-------+---------
